 Dungeon Crawl Stone Soup version 0.27-a0-1381-g81fdcbfb23 (webtiles) character file.

Game seed: 6601016479966525204

336 Nattfarinn the Stinger (level 6, 0/41 HPs)
             Began as a Merfolk Venom Mage on June 30, 2021.
             Succumbed to a water moccasin's poison
             ... on level 5 of the Dungeon.
             The game lasted 00:08:15 (6267 turns).

Nattfarinn the Stinger (Merfolk Venom Mage)         Turns: 6267, Time: 00:08:16

Health: 0/41       AC:  3    Str: 10    XL:     6   Next: 54%
Magic:  20/20      EV: 12    Int: 14    God:
Gold:   139        SH:  0    Dex: 15    Spells: 6/12 levels left

rFire    . . .     SeeInvis .   m - +0 whip (elec)
rCold    . . .     Faith    .   (no shield)
rNeg     . . .     Spirit   .   a - +0 robe
rPois    .         Reflect  .   (no helmet)
rElec    .         Harm     .   r - +0 cloak
rCorr    .         Rampage  .   (no gloves)
Will     .....                  (no boots)
Stlth    ++........             (no amulet)
HPRegen  0.13/turn              e - ring of magical power
MPRegen  0.17/turn              o - ring of wizardry

@: mighty, lethally poisoned (0 -> -9), about to teleport
A: (nimble swimmer 2), mertail
a: no special abilities


You were on level 5 of the Dungeon.
You visited 1 branch of the dungeon, and saw 5 of its levels.

You collected 139 gold pieces.

Inventory:

Hand Weapons
 m - a +0 whip of electrocution (weapon)
Missiles
 c - 30 poisoned darts
Armour
 a - a +0 robe (worn)
 r - a +0 cloak (worn)
Jewellery
 e - a ring of magical power (left hand)
 o - a ring of wizardry (right hand)
Scrolls
 b - 2 scrolls of teleportation
 d - 2 scrolls of enchant armour {unknown}
 g - a scroll of fog {unknown}
 k - 5 scrolls of identify {unknown}
 l - a scroll of vulnerability {unknown}
 q - a scroll of enchant weapon {unknown}
 s - a scroll of torment {unknown}
Potions
 f - a potion of might
 h - 2 potions of curing {unknown}
 i - 2 potions of mutation {unknown}
 j - 2 potions of heal wounds {unknown}
 n - 2 potions of haste {unknown}
 p - 2 potions of attraction {unknown}


   Skills:
 - Level 2.6 Dodging
 - Level 2.1 Stealth
 * Level 3.7 Spellcasting
 - Level 3.6 Transmutations
 + Level 6.0 Poison Magic


You had 6 spell levels left.
You knew the following spells:

 Your Spells              Type           Power      Damage    Failure   Level
a - Sting                 Tmut/Pois      64%        1d6       1%          1
b - Ignite Poison         Fire/Tmut/Pois 11%        N/A       6%          3
c - Poisonous Vapours     Pois/Air       22%        N/A       3%          2

Your spell library contained the following spells:

 Spells                   Type           Power      Damage    Failure   Level
 Olgreb's Toxic Radiance  Pois           19%        N/A       6%          4
 Mephitic Cloud           Conj/Pois/Air  8%         N/A       11%         3


Dungeon Overview and Level Annotations

Branches:
Dungeon (5/15)
 Temple: D:4-7

Altars:
Trog


Innate Abilities, Weirdness & Mutations

((You are quick and stealthy near water. (Stealth+, EV+, Speed+++)))
Your lower body shifts to a powerful aquatic tail in water.


Message History

Unknown command.
There is a stone staircase leading down here.
As you open the door, it creaks loudly!
You hear an angry hiss.
A water moccasin comes into view.
You can't see any susceptible monsters within range! (Use Z to cast anyway.)
You can't see any susceptible monsters within range! (Use Z to cast anyway.)
You can't see any susceptible monsters within range! (Use Z to cast anyway.) Unknown command.
You can't see any susceptible monsters within range! (Use Z to cast anyway.)
The water moccasin hisses angrily.
A water moccasin comes into view.
Okay, then.
You aren't carrying any items that you can evoke.
There is a stone staircase leading down here.
You closely miss the water moccasin. The water moccasin closely misses you.
You barely miss the water moccasin. The water moccasin bites you.
The water moccasin completely misses you.
You barely miss the water moccasin.
The water moccasin completely misses you.
You miss the water moccasin. The water moccasin bites you.
The water moccasin bites you! The water moccasin misses you.
You miss the water moccasin. The water moccasin bites you! x2
The water moccasin closely misses you.
You miss the water moccasin. The water moccasin bites you!
* * * LOW HITPOINT WARNING * * *
The water moccasin bites you.
* * * LOW HITPOINT WARNING * * *
The water moccasin bites you.
* * * LOW HITPOINT WARNING * * *
Okay, then.
As you read the scroll labelled EZXE GEILI, it crumbles to dust.
You feel strangely unstable.
It was a scroll of teleportation.
The water moccasin bites you but does no damage.
The water moccasin bites you.
* * * LOW HITPOINT WARNING * * *
You are lethally poisoned!
The water moccasin poisons you! The water moccasin closely misses you.
It was a potion of might.
You feel very mighty all of a sudden.
You die...

#...#....###.#
#...#........# #......
#...#....##### #......
#...#......# #......
#...#....#.# #......
#...#....#.# .....
#...#....#.# ...
#...#....#.#
######'####...S@...#.#
..............#S...#.#
..............#....#.#
..............#....#
###############....#
.....# .....# .....#


You could see 2 water moccasins.

Vanquished Creatures
  2 hounds
  A centaur skeleton (D:5)
  An orc priest (D:5)
  An iguana (D:5)
  2 gnolls
  6 adders
  A shadow imp (D:5)
  An adder skeleton (D:4)
  2 worms (D:3)
  3 dart slugs
  9 orcs
  3 ball pythons
  7 endoplasms
  5 giant cockroaches
  10 goblins
  4 hobgoblins
  6 jackals (D:4)
  4 quokkas
  4 bats
  3 frilled lizards
  3 kobolds
  4 rats (D:3)
82 creatures vanquished.

Vanquished Creatures (others)
  3 plants (D:2)
  3 withered plants (D:2)
6 creatures vanquished.

Grand Total: 88 creatures vanquished

Notes
Turn   | Place    | Note
-------+----------+-------------------------------------------
     0 | D:1      | Nattfarinn the Merfolk Venom Mage began the quest for the
                  | Orb.
     0 | D:1      | Reached XP level 1. HP: 13/13 MP: 3/3
   389 | D:1      | Reached XP level 2. HP: 19/19 MP: 1/5
   783 | D:1      | Reached skill level 4 in Poison Magic
   866 | D:1      | You fall into a shaft and drop 1 floor!
   948 | D:2      | Reached XP level 3. HP: 21/24 MP: 6/6
   952 | D:2      | Learned a level 3 spell: Ignite Poison
  1624 | D:2      | Reached XP level 4. HP: 30/30 MP: 7/7
  1676 | D:2      | Learned a level 2 spell: Poisonous Vapours
  1951 | D:2      | Found a faded altar of an unknown god.
  2346 | D:3      | Reached skill level 5 in Poison Magic
  3423 | D:3      | Reached XP level 5. HP: 35/35 MP: 8/8
  4771 | D:4      | Found a bloodstained altar of Trog.
  5464 | D:5      | Entered Level 5 of the Dungeon
  5622 | D:5      | Reached XP level 6. HP: 41/41 MP: 9/10
  6049 | D:5      | Reached skill level 6 in Poison Magic
  6251 | D:5      | Noticed a water moccasin
  6254 | D:5      | Noticed a water moccasin
  6266 | D:5      | HP: 2/41 [water moccasin (2)]
  6267 | D:5      | Succumbed to a water moccasin's poison

Illustrated notes

Levels and vault maps discovered:
D:1:      lemuel_arrival_river_ford, layout_basic
D:2:      layout_loops_ring, shapermc_ecumenical_altar_flowoftime,
          chequers_serial_rivers_micro_e, small_statue_intersection,
          minmay_goblin_outpost
D:3:      layout_loops_cross, chequers_serial_rivers_micro_d, st_stairs_8
D:4:      layout_loops_ring, nicolae_overflow_crystal_walls, minmay_hedge_maze
D:5:      layout_basic, uniq_duvessa

Skill      XL: |  1  2  3  4  5  6 |
---------------+-------------------+-----
Transmutations | 2 3 |  3.6
Poison Magic   | 4 5 6 |  6.0
Spellcasting   | 3 |  3.7
Dodging        | |  2.6
Stealth        | |  2.1

Action                   |  1- 3 |  4- 6 || total
-------------------------+-------+-------++-------
Melee: Unarmed           |    17 |    43 ||    60
       Whip              |       |    64 ||    64
Throw: Dart              |    15 |       ||    15
 Cast: Sting             |    61 |     5 ||    66
       Poisonous Vapours |       |   126 ||   126
       Ignite Poison     |       |     5 ||     5
  Use: Scroll            |       |     1 ||     1
       Potion            |       |     1 ||     1
Armor: Robe              |    13 |    23 ||    36
Dodge: Dodged            |    33 |    65 ||    98

Table legend: (Time is in decaauts)
 A = Elapsed time spent in this place.
 B = Non-inter-level travel time spent in this place.
 C = Inter-level travel time spent in this place.
 D = Time resting spent in this place.
 E = Time spent auto-exploring this place.
 F = Levels seen in this place.
 G = Mean time per level.
                   A        B        C        D        E       F      G
               +--------+--------+--------+--------+--------+-----+--------+
         Total |   6261 |   6131 |    130 |    778 |   4682 |   5 | 1252.2 |
       Dungeon |   6261 |   6131 |    130 |    778 |   4682 |   5 | 1252.2 |
               +--------+--------+--------+--------+--------+-----+--------+

Top non-repeatable levels by time:
     D:4: 1636 daAuts
     D:3: 1497 daAuts
     D:2: 1463 daAuts
     D:1: 858 daAuts
     D:5: 805 daAuts
